AoeStats
← So sad

Nomad

507778582Analyzed
3v3 RM · 11d ago on Sep 19, 2026· 38m 24s· 6 players
Game mode
Random Map
Map size
210×210
Population
200
Speed
Normal
Resources
Standard
Victory
Conquest
Starting age
Dark Age
Ending age
Imperial Age
RankedLock teamsTeams togetherTeam positionsShared explorationLock speedFull tech treeHidden civsTurbo modeCheats
Victory
Defeat
🇧🇾 Dravidians · Belarus
1385
+14
🇺🇦 Huns · Ukraine
1374
+15
🇧🇾 Lithuanians · Belarus
1351
+15
1358
-15
🇦🇷 Persians · Argentina
1348
-15
🇪🇸 Koreans · Spain
1329
-14
| ArCas | El BrancaS
5:59 Loom
12:37 Feudal Age
13:10 Double-Bit Axe
15:24 Fletching
25:46 Town Watch
29:23 Castle Age
29:57 Bodkin Arrow
30:20 Medium Warships
30:30 Gold Mining
32:10 Forging
34:14 Careening
36:48 Iron Casting
| ArCas | Agi_alex
7:06 Loom
14:30 Feudal Age
16:21 Double-Bit Axe
21:54 Castle Age
22:43 Wheelbarrow
21:56 Town Watch
22:32 Fletching
24:27 Town Patrol
27:21 Bodkin Arrow
31:07 Medium Warships
35:25 Hand Cart
36:46 Bow Saw
| ArCas | Cristiano Onagro
4:52 Loom
13:11 Feudal Age
17:57 Castle Age
16:24 Town Watch
16:40 Fletching
17:41 Fishing Lines
20:27 Wheelbarrow
20:02 Gillnets
22:41 Scale Barding Armor
22:31 Gold Mining
28:22 Padded Archer Armor
28:39 Horse Collar
30:44 Bloodlines
30:34 Husbandry
29:55 Light Cavalry
32:20 Forging
34:01 Hand Cart
So sad
5:58 Loom
13:29 Feudal Age
14:27 Town Watch
14:33 Double-Bit Axe
16:25 Wheelbarrow
17:01 Horse Collar
19:27 Castle Age
17:47 Stone Mining
17:49 Gold Mining
17:55 Fishing Lines
19:37 Scale Barding Armor
19:49 Forging
30:15 Bloodlines
30:20 Husbandry
30:56 Light Cavalry
32:44 Hand Cart
36:28 Imperial Age
35:24 Chain Barding Armor
35:41 Sanctity
37:32 Iron Casting
36:47 Fletching
37:52 Conscription
HURMA
5:03 Loom
13:11 Feudal Age
13:35 Fishing Lines
13:54 Double-Bit Axe
16:16 Gold Mining
17:58 Wheelbarrow
21:37 Town Watch
22:05 Forging
24:06 Horse Collar
29:57 Castle Age
28:55 Stone Mining
30:51 Medium Warships
30:32 Gillnets
31:26 Bow Saw
32:17 Clinker Construction
33:39 Careening
36:34 Imperial Age
37:34 Carvel Hull
37:45 Heavy Warships
NiL
5:20 Loom
12:57 Feudal Age
16:53 Castle Age
16:10 Double-Bit Axe
16:26 Fletching
17:39 Bodkin Arrow
18:02 Gold Mining
20:24 Padded Archer Armor
22:32 Ballistics
26:05 Thumb Ring
26:12 Masonry
32:14 Wheelbarrow
31:24 Town Watch
34:00 Bloodlines
33:50 Husbandry
35:25 Horse Collar
Connection lost

Rejoining the realm…

Still unreachable

The connection could not be restored.

Session expired

The server has moved on; the page needs a fresh start.